 Dungeon Crawl Stone Soup version 0.22-a0-374-g5dfd9e3 (webtiles) character file.

7 JeffiDaFish the Digger (level 2, 0/15 HPs)
             Began as a Gargoyle Earth Elementalist on Apr 26, 2018.
             Slain by a quokka (3 damage)
             ... on level 1 of the Dungeon.
             The game lasted 00:04:32 (1578 turns).

JeffiDaFish the Digger (GrEE)                       Turns: 1578, Time: 00:04:33

Health: 0/15       AC:  5    Str: 10 (11) XL:     2   Next: 0%
Magic:  0/5        EV: 12    Int: 13 (15) God:
Gold:   35         SH:  0    Dex:  9 (10) Spells: 4/5 levels left

rFire    . . .     SeeInvis .   e - +1 mace
rCold    . . .     Gourm    .   (no shield)
rNeg     + . .     Faith    .   c - +0 robe
rPois    ∞         Spirit   .   (no helmet)
rElec    +         Reflect  .   a - +0 cloak
rCorr    .         Harm     .   (no gloves)
MR       .....                  (no boots)
Stlth    +.........             (no amulet)
HPRegen  0.05/turn              f - ring of loudness (curse)
MPRegen  0.09/turn              i - ring of wizardry

@: no status effects
A: negative energy resistance 1, electricity resistance, unbreathing,
petrification resistance, rot immunity, AC +2
a: no special abilities


You were on level 1 of the Dungeon.
You were not hungry.

You visited 1 branch of the dungeon, and saw 2 of its levels.

You collected 35 gold pieces.

Inventory:

Hand Weapons
 e - a +1 mace (weapon)
Missiles
 b - 49 stones (quivered)
Armour
 a - a +0 cloak (worn)
 c - a +0 robe (worn)
Jewellery
 f - a cursed ring of loudness (left hand)
 i - a ring of wizardry (right hand)
Comestibles
 d - 2 rations


   Skills:
 + Level 1.5 Dodging
 + Level 2.2 Stealth
 + Level 2.2 Spellcasting
   Level 0.7 Transmutations
 + Level 4.0 Earth Magic


You had 4 spell levels left.
You knew the following spells:

 Your Spells              Type           Power        Failure   Level  Hunger
a - Sandblast             Erth           ##....       1%          1    ##.....


Dungeon Overview and Level Annotations

Branches:
Dungeon (2/15)

Altars:

Annotations:
D:1 Natasha


Innate Abilities, Weirdness & Mutations

You are resistant to torment.
Your stone body is resilient. (AC +2)
You are immune to poison.
You resist negative energy. (rN+)
You are resistant to electric shocks. (rElec)
You can survive without breathing.
You are immune to petrification.
You are immune to rotting.


Message History

Casting: Sandblast (safe; 1% risk of failure)
Confirm with . or Enter, or press ? or * to list all spells.
You don't have enough magic to cast that spell.
Unknown command.
Natasha claws you but does no damage. The quokka misses you.
The white imp hits you. The white imp freezes you.
* * * LOW HITPOINT WARNING * * *
You climb upwards.
The white imp disappears in a puff of smoke!
There is a stone staircase leading down here.
You aren't carrying any potions.
You hit Natasha.
Natasha is heavily wounded.
The quokka barely misses you.
Natasha mumbles some strange words.
Natasha's front paws start to glow.
Natasha claws you but does no damage.
The quokka twitches its whiskers.
The quokka bites you.
You die...

..........#####...#
##.#.......#
..................#
#..#.......#
...######.#####...#
##.##........ ...#
##'##......###..###.##+###
...#
#.....##.......#.......#
...#
#..............#.......#
...#
#.....##.......+.......#
...#
#........h#....#.......#
...#
#........@#....####..#.#
...# #.......r.#....#
#..#.# ...#
#.........#....# #..#.#
...#
#.........#....#####+#.#
...#
#....######....#.......#
...#####....####
#....#.......#
...............#
#............###
...............#
###.............
.........##....#
#.........####


You could see Natasha and a quokka.

Vanquished Creatures
  A hobgoblin (D:1)
  3 bats (D:1)
  2 frilled lizards (D:1)
  2 rats (D:1)
8 creatures vanquished.

Vanquished Creatures (others)
  A plant (D:1)
1 creature vanquished.

Grand Total: 9 creatures vanquished

Notes
Turn   | Place    | Note
-------+----------+-------------------------------------------
     0 | D:1      | JeffiDaFish the Gargoyle Earth Elementalist began the quest for the Orb.
     0 | D:1      | Reached XP level 1. HP: 10/10 MP: 3/3
  1110 | D:1      | Reached skill level 4 in Earth Magic
  1110 | D:1      | Reached XP level 2. HP: 14/15 MP: 0/5
  1570 | D:2      | Noticed Natasha
  1578 | D:1      | Slain by a quokka

Vault maps used:
D:1:      lightli_arrival_maybe_door_vault, serial_bayou_lagoon_a,
          feat_on_display
D:2:      amethyst_killhole, lexackson_kobold_supper, uniq_natasha, uniq_sigmund

Skill      XL: |  1 |
---------------+----+-----
Earth Magic    | 4 |  4.0
Dodging        | |  1.5
Stealth        | |  2.2
Spellcasting   | |  2.2
Transmutations | |  0.7

Action                   || total
-------------------------++-------
Melee: Mace              ||    57
 Cast: Sandblast         ||    18
  Use: Scroll            ||     6
       Potion            ||     2
  Eat: Ration            ||     1
Armor: Robe              ||     8
Dodge: Dodged            ||    26

Table legend:
 A = Spawn XP
 B = Non-spawn XP
 C = Spawn XP percentage of total XP
 D = Spawn monster count
 E = Non-spawn monster count
 F = Spawn count percentage of total count
 G = Total turns spent on level
                    A         B        C        D         E        F      G
               +---------+---------+-------+---------+---------+-------+---------
         Total |       0 |      10 |   0.0 |       0 |       8 |   0.0 |  1578
               +---------+---------+-------+---------+---------+-------+---------
           D:1 |       0 |      10 |   0.0 |       0 |       8 |   0.0 |  1571
               +---------+---------+-------+---------+---------+-------+---------
